 Dungeon Crawl Stone Soup version 0.31-a0-986-g5e6e4ef867 (webtiles) character file.

Game seed: 197215770205290961

1278 Forgeling the Grappler (level 8, -3/75 HPs)
             Began as a Troll Shapeshifter on Nov 13, 2023.
             Was a Believer of Okawaru.
             Slain by an acid dragon (5 damage)
             ... on level 5 of the Dungeon.
             The game lasted 00:10:04 (3917 turns).

Forgeling the Grappler (Troll Shapeshifter)         Turns: 3917, Time: 00:10:05

Health: -3/75      AC:  0    Str: 25    XL:     8   Next: 29%
Magic:  9/9        EV:  9    Int:  6    God:    Okawaru [**....]
Gold:   331        SH:  0    Dex:  9    Spells: 7/7 levels left

rFire   . .          .
                       - Unarmed
rCold   . . .        (no shield)
rNeg    . . .        a - +0 animal skin
rPois   .            (helmet currently unavailable)
rElec   .            (cloak currently unavailable)
rCorr   .            (gloves unavailable)
SInv    .            (boots unavailable)
Will    .....        p - amulet of faith
Stlth   +            (no ring)
HPRegen 1.12/turn    (no ring)
MPRegen 0.11/turn

%: faith
@: beast-form, corroded
A: beast (slay +1), large, unfitting armour, claws 3, regeneration 1, shaggy fur
1, tough skin 1
a: Begin Untransformation, Renounce Religion, Heroism


You were on level 5 of the Dungeon.
You worshipped Okawaru.
Okawaru was pleased with you.
You were a hulking beast.
You visited 2 branches of the dungeon, and saw 6 of its levels.

You collected 331 gold pieces.

Inventory:

Missiles
 o - 5 boomerangs
 u - 5 throwing nets
 w - 4 javelins
Armour
 a - a +0 animal skin (worn)
 q - a scarf of resistance
Jewellery
 b - a ring of fire
 l - the ring of Yntukuz {*Slow Fly rN++ rCorr Int+2}
   (You found it on level 2 of the Dungeon)

   [ring of resist corrosion]

   Int+2:     It affects your intelligence (+2).
   rN++:      It greatly protects you from negative energy.
   Fly:       It grants you flight.
   rCorr:     It protects you from acid and corrosion.
   *Slow:     It may slow you when you take damage.
 p - an amulet of faith (around neck)
Talismans
 c - a beast talisman
 d - a flux talisman
Scrolls
 e - 2 scrolls of immolation {unknown}
 f - 2 scrolls of blinking {unknown}
 g - a scroll of fear {unknown}
 h - 2 scrolls of teleportation {unknown}
 k - a scroll of amnesia {unknown}
 n - a scroll of vulnerability {unknown}
 r - a scroll of fog {unknown}
 S - 2 scrolls of summoning
 X - 2 scrolls of revelation {@r4}
 Z - a scroll of identify {@r1}
Potions
 i - a potion of berserk rage {unknown}
 j - a potion of brilliance {unknown}
 m - 3 potions of curing {unknown}
 s - 2 potions of degeneration {unknown}
 A - 2 potions of attraction
 G - 2 potions of ambrosia
 N - 2 potions of heal wounds {@q2}
 W - a potion of lignification


   Skills:
 + Level 3.3 Fighting
 - Level 1.5 Dodging
 + Level 9.0 Unarmed Combat
 - Level 3.0 Invocations
 - Level 3.0 Shapeshifting


You had 7 spell levels left.
You didn't know any spells.
Your spell library contained the following spells:

 Spells                   Type           Power      Damage    Failure   Level
 Ensorcelled Hibernation  Hex/Ice        0%         N/A       58%         2
 Passwall                 Tmut/Erth      0%         N/A       58%         2
 Swiftness                Air            0%         N/A       83%         3


Dungeon Overview and Level Annotations

Branches:
Dungeon (5/15)             Temple (1/1) D:4

Altars:
Ashenzari
Cheibriados
Dithmenos
Elyvilon
Fedhas
Gozag
Hepliaklqana
Kikubaaqudgha
Makhleb
Nemelex Xobeh
Okawaru
Qazlal
Ru
Sif Muna
Uskayaw
Wu Jian
Xom
Yredelemnul
Zin
The Shining One

Annotations:
D:5 3 runed translucent doors, Demosthentine's ghost, novice DsGl


Innate Abilities, Weirdness & Mutations

You are a hulking beast.
Your limbs bulge with bestial killing power. (Slay +1)
You are too large for most types of armour.
You have claws for hands.
Your natural rate of healing is unusually fast.
You are covered in fur. (AC +1)
You have tough skin. (AC +1)


Message History

You see here a jackal corpse.
You enter the shallow water.
You enter the shallow water. a +0 club; a +0 robe Key pressed, stopping explore.
You see here a +0 short sword.
You see here a +0 spear.
An acid dragon comes into view.
The acid dragon roars!
An acid dragon is nearby!
An acid dragon is nearby!
The acid dragon spits acid at you. The splash of acid hits you!!
The acid corrodes you!
You scratch the acid dragon.
The acid dragon is lightly wounded.
The acid dragon bites you. The acid dragon claws you.
You claw the acid dragon!
The acid dragon is severely wounded.
The acid dragon bites you!
* * * LOW HITPOINT WARNING * * *
You completely miss the acid dragon.
The acid dragon is severely wounded.
You claw the acid dragon! Your claw misses the acid dragon.
The acid dragon is almost dead.
You barely miss the acid dragon.
The acid dragon is almost dead.
The acid dragon bites you!
* * * LOW HITPOINT WARNING * * *
You scratch the acid dragon but do no damage.
The acid dragon is almost dead.
The acid dragon bites you!
* * * LOW HITPOINT WARNING * * *
The acid dragon claws you.
* * * LOW HITPOINT WARNING * * *
You closely miss the acid dragon.
The acid dragon is almost dead.
The acid dragon bites you!
* * * LOW HITPOINT WARNING * * *
The acid dragon claws you.
You die...

#..#...# ....# #..#...# ....#
#..#...# ....# #..#...# ....#
#..#...# # ###....# #.##...#+# #.
......# #.........
#.##.D#..#.#.##.#....
#...h.....(####.#....
#.####..##########.#....
#..................#....
#######################)#########
........................)........
...~~~~~~~~~~~~~~~~~≈~....~~≈~~)~
...~≈≈≈~≈≈≈≈~≈≈≈≈≈≈≈≈~....~≈≈≈~≈≈
...~≈#####~≈≈~~≈~~~~~~.(..~~≈~~~≈
...~≈#...#.......................


You could see an acid dragon.

Vanquished Creatures
  Grinder (D:3)
  2 ogres (D:5)
  A black bear (D:4)
  A bullfrog (D:5)
  2 scorpions
  2 howler monkeys (D:5)
  A gnoll bouda (D:5)
  Terence (D:3)
  5 orc wizards
  7 adders
  17 gnolls (D:5)
  A shadow imp (D:4)
  2 ufetubi (D:5)
  3 dart slugs
  27 orcs
  7 endoplasms
  4 giant cockroaches
  8 hobgoblins
  16 jackals
  4 quokkas
  10 ball pythons
  4 bats
  5 frilled lizards
  3 goblins
  5 kobolds
  8 rats
147 creatures vanquished.

Notes
Turn   | Place    | Note
-------+----------+-------------------------------------------
     0 | D:1      | Forgeling the Troll Shapeshifter began the quest for the
                  | Orb.
     0 | D:1      | Reached XP level 1. HP: 18/18 MP: 0/0
   229 | D:1      | Found a faded altar of an unknown god.
   245 | D:1      | Reached XP level 2. HP: 19/26 MP: 1/1
   503 | D:1      | Reached skill level 4 in Unarmed Combat
   920 | D:2      | Reached XP level 3. HP: 24/32 MP: 2/2
   956 | D:2      | Identified the ring of Yntukuz {*Slow Fly rN++ rCorr Int+2}
  1558 | D:3      | Reached skill level 5 in Unarmed Combat
  1558 | D:3      | Reached XP level 4. HP: 39/40 MP: 3/3
  1735 | D:3      | Noticed Grinder
  1752 | D:3      | Reached XP level 5. HP: 46/46 MP: 4/4
  1791 | D:3      | Noticed Terence
  1953 | D:3      | Paralysed by Grinder for 4 turns
  1986 | D:3      | Killed Grinder
  1987 | D:3      | Reached skill level 7 in Unarmed Combat
  1987 | D:3      | Reached XP level 6. HP: 20/54 MP: 5/5
  2131 | D:3      | Killed Terence
  2249 | D:4      | Found a staircase to the Ecumenical Temple.
  2260 | Temple   | Entered the Ecumenical Temple
  2314 | Temple   | Became a worshipper of Warmaster Okawaru
  2396 | D:4      | Found a sparkling altar of Nemelex Xobeh.
  2479 | D:4      | Found a sacrificial altar of Ru.
  2695 | D:4      | Reached * piety under Okawaru
  2696 | D:4      | Reached skill level 8 in Unarmed Combat
  2696 | D:4      | Reached skill level 1 in Fighting
  2696 | D:4      | Reached XP level 7. HP: 60/62 MP: 6/6
  2814 | D:4      | Found a glowing silver altar of Zin.
  2979 | D:5      | Entered Level 5 of the Dungeon
  3070 | D:5      | Reached skill level 1 in Invocations
  3096 | D:5      | Found a runed translucent gate.
  3100 | D:5      | Found a runed translucent gate.
  3100 | D:5      | Noticed Demosthentine's ghost (novice DsGl)
  3101 | D:5      | Found a runed translucent gate.
  3103 | D:5      | Identified the +9 whip of Conscience {elec, rF+}
  3498 | D:5      | Reached ** piety under Okawaru
  3499 | D:5      | Reached XP level 8. HP: 62/74 MP: 8/8
  3825 | D:5      | Reached skill level 9 in Unarmed Combat
  3917 | D:5      | HP: 2/75 [acid dragon (7)]
  3917 | D:5      | Slain by an acid dragon

Illustrated notes

Levels and vault maps discovered:
D:1:      noname_arrival_rooms_in_the_neighbourhood, layout_loops_ring,
          ebering_ecumenical_altar_webs, chequers_jeans
D:2:      layout_loops_ring
D:3:      layout_basic, uniq_grinder, uniq_terence
D:4:      layout_cave_pools, mainiacjoe_overflow_brackets, zin_academy,
          nemelex_diamond_rough_becter, minmay_temple_entry_drinking_statues
D:5:      lemuel_castle_with_subvaults [lemuel_castle_interior_carwin_3],
          layout_basic, biasface_ghost_orc_armoury, patterned_corridor
Temple:   minmay_crystal_spiral_temple

Skill      XL: |  1  2  3  4  5  6  7  8 |
---------------+-------------------------+-----
Unarmed Combat | 4 5 7 8 9 |  9.0
Fighting       | 1 2 3 |  3.3
Invocations    | 2 3 |  3.0
Dodging        | |  1.5
Shapeshifting  | |  3.0

Action                     |  1- 3 |  4- 6 |  7- 9 || total
---------------------------+-------+-------+-------++-------
  Melee: Unarmed           |    95 |   102 |   143 ||   340
         Punch             |     3 |     5 |     5 ||    13
    Use: Scroll            |     4 |     1 |       ||     5
   Stab: Sleeping          |     1 |       |       ||     1
 Armour: Animal skin       |    55 |    76 |   117 ||   248
  Dodge: Dodged            |    36 |    43 |    70 ||   149

Table legend: (Time is in decaauts)
 A = Elapsed time spent in this place.
 B = Non-inter-level travel time spent in this place.
 C = Inter-level travel time spent in this place.
 D = Time resting spent in this place.
 E = Time spent auto-exploring this place.
 F = Levels seen in this place.
 G = Mean time per level.
                   A        B        C        D        E       F      G
               +--------+--------+--------+--------+--------+-----+--------+
         Total |   3875 |   3641 |    234 |     29 |   2733 |   6 |  645.8 |
       Dungeon |   3766 |   3639 |    127 |     29 |   2733 |   5 |  753.2 |
        Temple |    108 |      1 |    107 |      0 |      0 |   1 |  108.0 |
               +--------+--------+--------+--------+--------+-----+--------+

Top non-repeatable levels by time:
     D:5: 914 daAuts
     D:2: 806 daAuts
     D:1: 743 daAuts
     D:3: 677 daAuts
     D:4: 624 daAuts
  Temple: 108 daAuts
